 Dungeon Sprint DCSS version 0.30-a0-800-g7c544603b3 (webtiles) character file.

Game seed: 2566668964191863290

194998 BigDaddyOpFi the Force of Nature (level 18, -15/200 HPs)
             Began as a Hill Orc Fighter on Feb 21, 2023.
             Was the Champion of Fedhas.
             Demolished by Mennas
             ... wielding a +4 eudemon blade of holy wrath
              (25 damage)
             ... while paralysed by a floating eye
             ... in the Dungeon (Sprint VII: "The Pits").
             The game lasted 00:29:12 (12232 turns).

BigDaddyOpFi the Force of Nature (HOFi)            Turns: 12232, Time: 00:29:13

Health: -15/200    AC: 69    Str: 30    XL:     18   Next: 32%
Magic:  20/26      EV:  2    Int: 11    God:    Fedhas [******]
Gold:   150        SH:  0    Dex: 10    Spells: 17/17 levels left

rFire   + . .      SeeInvis +    n - +9 broad axe (freeze)
rCold   + . .      Faith    .    J - +3 tower shield "Ynulyod" {rElec rN+++ Will+}
rNeg    + + +      Spirit   .    X - +14 gold dragon scales
rPois   +          Reflect  +    D - +2 helmet {SInv}
rElec   +          Harm     .    Z - +4 cloak
rCorr   +          Rampage  .    B - +2 pair of gloves {Str+3}
Will    +++..      NoTele   +    Y - +4 pair of boots Stlth
                                 T - amulet "Kaes" {Reflect Will+ Slay+2 SH+5}
HPRegen 0.53/turn                V - ring of Skepticism {rCorr MP-9 Int+3 Slay+6 SInv}
MPRegen 0.20/turn                d - ring of the Tortoise {AC+8}

@: paralysed, glowing, studying Spellcasting
A: no striking features
}: 1/3 runes: silver
a: Renounce Religion, Wall of Briars, Grow Ballistomycete, Overgrow, Grow Oklob


You were in the Dungeon.
You worshipped Fedhas.
Fedhas was exalted by your worship.
You visited 1 branch You collected 150 gold pieces.

Inventory:

Hand Weapons
 n - a +9 broad axe of freezing (weapon)
 E - the +2 battleaxe of Purpose {flame, rF+ SInv}
   (You took it off a gnoll bouda in the Dungeon)

   rF:        It protects you from fire.
   SInv:      It lets you see invisible.
 O - a +0 giant club
Armour
 B - a +2 pair of gloves of strength (worn)
 D - a +2 helmet of see invisible (worn)
 J - the +3 tower shield "Ynulyod" (worn) {rElec rN+++ Will+}
   (You found it in the Dungeon)

   rElec:     It insulates you from electricity.
   rN:        It renders you almost immune to negative energy.
   Will:      It increases your willpower.
 X - +14 gold dragon scales (worn)
 Y - a +4 pair of boots (worn)
 Z - a +4 cloak (worn)
Jewellery
 b - a +3 ring of dexterity
 c - a ring of positive energy
 d - the ring of the Tortoise (right hand) {AC+8}
   (You found it in the Dungeon)

   [ring of protection]

   AC:        It affects your AC (+8).
 h - a +3 ring of slaying
 l - a +3 ring of dexterity
 o - a ring of fire
 q - a +6 ring of intelligence
 x - the ring of Salvation {Fire rElec rCorr Dex+3}
   (You took it off a kobold in the Dungeon)

   [ring of fire]

   It enhances your fire magic.
   Dex:       It affects your dexterity (+3).
   rF:        It protects you from fire.
   rC:        It makes you vulnerable to cold.
   rElec:     It insulates you from electricity.
   rCorr:     It protects you from acid and corrosion.
 C - the ring of Midwinter {Fly rN+}
   (You took it off a gnoll in the Dungeon)

   [ring of flight]

   rN:        It protects you from negative energy.
   Fly:       It grants you flight.
 F - an amulet of the acrobat
 H - a +5 ring of evasion
 N - a ring of fire
 P - a ring of resist corrosion
 T - the amulet "Kaes" (around neck) {Reflect Will+ Slay+2 SH+5}
   (You found it in the Dungeon)

   [amulet of reflection]

   It reflects blocked missile attacks.
   Slay:      It affects your accuracy & damage with ranged weapons and melee
   (+2).
   SH:        It affects your SH (+5).
   Will:      It increases your willpower.
 U - the ring "Ripucw" {MP+9 Int+5}
   (You found it in the Dungeon)

   [ring of magical power]

   Int:       It affects your intelligence (+5).
   MP:        It affects your magic capacity (+9).
 V - the ring of Skepticism (left hand) {rCorr MP-9 Int+3 Slay+6 SInv}
   (You found it in the Dungeon)

   [ring of see invisible]

   Int:       It affects your intelligence (+3).
   Slay:      It affects your accuracy & damage with ranged weapons and melee
   (+6).
   MP:        It affects your magic capacity (-9).
   SInv:      It lets you see invisible.
   rCorr:     It protects you from acid and corrosion.
 W - the amulet "Wounan" {rPois Regen+ Dex+4}
   (You found it in the Dungeon)

   [amulet of regeneration]

   Dex:       It affects your dexterity (+4).
   rPois:     It protects you from poison.
   Regen:     It increases your rate of health regeneration.
Wands
 Q - a wand of digging (4)
 S - a wand of polymorph (6)
Scrolls
 j - 2 scrolls of blinking
 r - 5 scrolls of amnesia
 s - 4 scrolls of identify
 u - a scroll of summoning
 v - 2 scrolls of fog
 w - 3 scrolls of vulnerability
 K - 3 scrolls of fear
Potions
 a - a potion of ambrosia {unknown}
 e - 12 potions of curing
 f - 11 potions of heal wounds
 g - 17 potions of haste
 i - 5 potions of berserk rage
 k - 2 potions of invisibility
 m - 7 potions of brilliance
 t - a potion of might
 A - 6 potions of mutation
 G - 2 potions of flight
 L - a potion of lignification
 R - 3 potions of magic


   Skills:
 O Level 27 Fighting
 O Level 27 Axes
 O Level 27 Armour
 * Level 25.6 Dodging
 O Level 27 Shields
 O Level 27 Invocations


You had 17 spell levels left.
You didn't know any spells.
Your spell library contained the following spells:

 Spells                   Type           Power      Damage    Failure   Level
 Apportation              Tloc           0%         N/A       88%         1
 Shock                    Conj/Air       0%         1d3       88%         1
 Poisonous Vapours        Pois/Air       0%         N/A       95%         2
 Searing Ray              Conj           0%         2d4       95%         2
 Sublimation of Blood     Necr           0%         N/A       95%         2
 Wereblood                Tmut           0%         N/A       95%         2
 Dazzling Flash           Conj/Hex       0%         N/A       99%         3
 Hailstorm                Conj/Ice       0%         3d3       99%         3
 Swiftness                Air            0%         N/A       99%         3
 Tukima's Dance           Hex            0%         N/A       99%         3
 Vhi's Electric Charge    Tloc/Air       0%         N/A       99%         3
 Anguish                  Hex/Necr       0%         N/A       100%        4
 Passage of Golubria      Tloc           0%         N/A       100%        4
 Alistair's Intoxication  Tmut/Pois      0%         N/A       100%        5
 Fireball                 Conj/Fire      0%         3d3       100%        5
 Irradiate                Conj/Tmut      0%         3d11      100%        5
 Yara's Violent Unravell  Hex/Tmut       0%         3d3       100%        5
 Enfeeble                 Hex            0%         N/A       100%        7
 Orb of Destruction       Conj           0%         9d5       100%        7
 Summon Hydra             Summ           0%         N/A       100%        7
 Chain Lightning          Conj/Air       0%         N/A       100%        9


Dungeon Overview and Level Annotations

Branches:
Dungeon (1/1)

Altars:
Ashenzari
Cheibriados
Dithmenos
Elyvilon
Fedhas
Gozag
Hepliaklqana
Kikubaaqudgha
Makhleb
Nemelex Xobeh
Okawaru
Qazlal
Ru
Sif Muna
Trog
Uskayaw
Vehumet
Wu Jian
Xom
Yredelemnul
Zin
The Shining One
Beogh
Jiyva
Lugonu

Annotations:
D Geryon, Mennas, Mnoleg


Message History

Mennas attacks as you move away! You block Mennas's attack. x2
The deep elf blademaster is struck by your briar patch's thorns.
The deep elf blademaster hits your briar patch with a +0 rapier! x2
Mennas looks to the heavens.
Mnoleg gestures.
Send 'em back where they came from!
Your briar patch shudders. x2; Your oklob plant shudders.
Your briar patch shudders.
The green death is struck by your briar patch's thorns.
The green death hits your briar patch!
Your briar patch is destroyed!
Your briar patch disappears in a puff of smoke!
You block Mennas's attack. x2
The floating eye's view fixates on you. Mennas attacks as you move away!
You block Mennas's attack. Mennas barely misses you.
The royal mummy casts a spell.
Send 'em back where they came from!
Your briar patch shudders. x2; Your oklob plant shudders.
The floating eye gazes piercingly through you!
You suddenly lose the ability to move!
The deep elf blademaster seems to be listening.
Mennas hits you with a +4 eudemon blade of holy wrath!
Mennas hits you but does no damage.
Mennas hits you with a +4 eudemon blade of holy wrath!!
* * * LOW HITPOINT WARNING * * *
Mennas completely misses you. The floating eye's view fixates on you.
The floating eye's stare focuses on you.
The deep elf blademaster hits your oklob plant but does no damage.
The deep elf blademaster hits your oklob plant with a +0 rapier.
Mennas becomes audible again.
The green death rages.
The green death hits your briar patch!!
The deep elf blademaster hits your oklob plant with a +0 rapier. x2
Mennas hits you with a +4 eudemon blade of holy wrath!!!
* * * LOW HITPOINT WARNING * * *
Mennas hits you with a +4 eudemon blade of holy wrath!!
You die...
Fedhas appreciates your contribution to the ecosystem.

#.............#....#
#.................#
#................#
#................#
#......0.........# 2&..X§*....
#................# ..9.§§.§..
#................## 2.........
#.................## .C......
#.............#@Ae2### X.....#
##...........###P&G.X###.M.###..
##.........## ##.P2M2..........
##.......## ##PG............
######...# ###############
##########...####################
#............'...................
#........##..'.....1.§...........
#.......##..####....P.##......###


You could see Mnoleg, a royal mummy (strong), Mennas (strong, resistant), a deep
elf blademaster (fast, agile, ally target), a hell beast (summoned, agile,
resistant), an Orb Guardian (strong), a reaper (fast, resistant), a green death
(berserk, strong), 2 floating eyes and a friendly oklob plant (summoned).

Vanquished Creatures
  A pandemonium lord (D)
  An orb of fire (D)
  A Brimstone Fiend (D)
  An electric golem (D)
  A Tzitzimitl (D)
  12 Orb Guardians (D)
  2 deep elf master archers (D)
  A lich (D)
  A Hell Sentinel (D)
  2 titans (D)
  A deep elf blademaster (D)
  A sphinx (D)
  A storm dragon (D)
  A fire giant (D)
  2 draconian monks (D)
  A draconian scorcher (D)
  2 ghost moths (D)
  A draconian stormcaller (D)
  An orc warlord (D)
  A lorocyproca (D)
  An ophan (D)
  A green draconian (D)
  A purple draconian (D)
  A white draconian (D)
  A blizzard demon (D)
  An ettin (D)
  A great orb of eyes (shapeshifter) (D)
  A hell beast (D)
  A vault guard (D)
  An ice dragon (D)
  A merfolk avatar (D)
  2 two-headed ogres (D)
  A death knight (D)
  A death yak (D)
  4 hell knights (D)
  3 sun demons (D)
  A deep elf knight (D)
  3 deep trolls (D)
  A wizard (D)
  2 necromancers (D)
  2 orc knights (D)
  An elephant (shapeshifter) (D)
  5 cyclopes (D)
  A hellion (D)
  A yaktaur (D)
  An ice devil (D)
  4 trolls (D)
  2 guardian mummies (D)
  A fire elemental (D)
  2 floating eyes (D)
  A sky beast (D)
  3 ogres (D)
  A necrophage (D)
  An orc priest (D)
  A gnoll bouda (D)
  An iron imp (D)
  An orc wizard (D)
  A mummy (D)
  4 gnolls (D)
  An adder (D)
  A white imp (D)
  An adder skeleton (D)
  2 orcs (D)
  An endoplasm (D)
  A goblin (D)
  A hobgoblin (D)
  A bat (D)
  A frilled lizard (D)
  2 kobolds (D)
  A quokka zombie (D)
  2 rats (D)
  A ballistomycete spore (D)
114 creatures vanquished.

Vanquished Creatures (collateral kills)
  3 ancient liches (D)
  2 orbs of fire (D)
  Margery (D)
  A pearl dragon (D)
  Nikola (D)
  2 bone dragons (D)
  A profane servitor (D)
  2 Brimstone Fiends (D)
  An Orb Guardian (D)
  A Hell Sentinel (D)
  A titan (D)
  A sphinx (D)
  Kirke (D)
  2 shadow dragons (D)
  2 nagarajas (D)
  2 draconian knights (D)
  2 frost giants (D)
  3 fire giants (D)
  A balrug (D)
  2 draconian shifters (D)
  A cacodemon (D)
  2 angels (D)
  An orc warlord (D)
  2 ghouls (D)
  2 stone giants (D)
  A black draconian (D)
  A green draconian (D)
  A deep elf demonologist (D)
  3 deep elf annihilators (D)
  A red draconian (D)
  A white draconian (D)
  2 yellow draconians (D)
  Azrael (D)
  A dire elephant (D)
  2 blizzard demons (D)
  An ettin (D)
  3 deep elf death magi (D)
  An eidolon (D)
  A mummy priest (D)
  A deep elf high priest (D)
  3 ice dragons (D)
  A rakshasa (D)
  A vault guard (D)
  A catoblepas (D)
  An anaconda (D)
  A merfolk avatar (D)
  5 ogre magi (D)
  3 naga warriors (D)
  4 two-headed ogres (D)
  2 spriggan berserkers (D)
  An alligator (D)
  4 hell hogs (D)
  2 vampire magi (D)
  4 deep elf knights (D)
  11 hell knights (D)
  A fire crab (D)
  A salamander mystic (D)
  6 iron trolls (D)
  A cherub (D)
  A swamp dragon (D)
  A sea snake (D)
  A flayed ghost (D)
  14 deep trolls (D)
  A bog body (D)
  2 phantasmal warriors (D)
  A wizard (D)
  2 necromancers (D)
  A deep elf zephyrmancer (D)
  A lindwurm (D)
  7 orc knights (D)
  2 cyclopes (D)
  A salamander (D)
  An ugly thing (D)
  A faun (shapeshifter) (D)
  A black mamba (D)
  An elephant (D)
  2 molten gargoyles (D)
  3 naga magi (D)
  An orange demon (D)
  A gargoyle (D)
  2 cane toads (D)
  5 yaktaurs (D)
  A freezing wraith (D)
  4 kobold demonologists (D)
  A yaktaur (shapeshifter) (D)
  3 ice devils (D)
  6 trolls (D)
  2 tyrant leeches (D)
  3 hornets (D)
  2 wind drakes (D)
  2 hellwings (D)
  2 ynoxinuls (D)
  4 spriggans (D)
  A vampire (D)
  A yak (D)
  A wyvern (D)
  A basilisk (D)
  A steam dragon (D)
  5 fire elementals (D)
  2 redbacks (D)
  A neqoxec (D)
  A hog (D)
  3 vampire mosquitoes (D)
  3 nagas (D)
  7 hell hounds (D)
  A sky beast (D)
  A black bear (D)
  3 ogres (D)
  3 wolves (D)
  A centaur (D)
  A kobold brigand (D)
  An earth elemental (D)
  2 necrophages (D)
  A small abomination (D)
  6 killer bees (D)
  2 crimson imps (D)
  2 quasits (D)
  A hell rat (D)
  An iguana (D)
  A mummy (D)
  A gnoll (D)
  2 adder skeletons (D)
  An orc (D)
  A quokka (D)
  5 kobolds (D)
  A rat (D)
  24 ballistomycete spores (D)
286 creatures vanquished.

Vanquished Creatures (others)
  An ancient lich (D)
  A Killer Klown (D)
  3 Orb Guardians (D)
  2 deep elf knights (D)
  A naga mage (D)
  2 wandering mushrooms (D)
  A troll (D)
  A human (D)
  A floating eye (D)
  An ogre (D)
  A bat (D)
  A bat skeleton (D)
  A ball python skeleton (D)
  2 quokka simulacra (D)
  4 ballistomycete spores (D)
23 creatures vanquished.

Grand Total: 423 creatures vanquished

Notes
Turn   | Place    | Note
-------+----------+-------------------------------------------
     0 | D        | BigDaddyOpFi the Hill Orc Fighter began the quest for the
                  | Orb.
     0 | D        | Reached XP level 1. HP: 19/19 MP: 1/1
    15 | D        | Reached XP level 2. HP: 13/28 MP: 2/2
   212 | D        | Found a bloodstained altar of Trog.
   212 | D        | Found a shimmering blue altar of Sif Muna.
   212 | D        | Found a viscous altar of Jiyva.
   212 | D        | Found a hazy altar of Hepliaklqana.
   212 | D        | Found an opulent altar of Gozag.
   229 | D        | Found a glowing golden altar of the Shining One.
   229 | D        | Found a glowing silver altar of Zin.
   229 | D        | Found a basalt altar of Yredelemnul.
   229 | D        | Found a shimmering altar of Xom.
   229 | D        | Found an ornate altar of the Wu Jian Council.
   229 | D        | Found a sacrificial altar of Ru.
   229 | D        | Found a stormy altar of Qazlal.
   229 | D        | Found an iron altar of Okawaru.
   229 | D        | Found a sparkling altar of Nemelex Xobeh.
   229 | D        | Found a burning altar of Makhleb.
   229 | D        | Found a blossoming altar of Fedhas.
   229 | D        | Found a white marble altar of Elyvilon.
   229 | D        | Found a shadowy altar of Dithmenos.
   229 | D        | Found a snail-covered altar of Cheibriados.
   230 | D        | Found a radiant altar of Vehumet.
   230 | D        | Found a corrupted altar of Lugonu.
   230 | D        | Found a roughly hewn altar of Beogh.
   231 | D        | Found a hide-covered altar of Uskayaw.
   231 | D        | Found an ancient bone altar of Kikubaaqudgha.
   231 | D        | Found a broken altar of Ashenzari.
   234 | D        | Became a worshipper of Fedhas Madash
   251 | D        | Reached skill level 1 in Invocations
   263 | D        | Reached * piety under Fedhas
   327 | D        | Noticed a necrophage
   328 | D        | Reached ** piety under Fedhas
   333 | D        | Killed a necrophage
   334 | D        | Reached skill level 5 in Fighting
   334 | D        | Reached skill level 5 in Axes
   334 | D        | Reached skill level 5 in Armour
   334 | D        | Reached skill level 5 in Shields
   334 | D        | Reached skill level 5 in Invocations
   334 | D        | Reached XP level 3. HP: 32/36 MP: 3/6
   334 | D        | Reached XP level 4. HP: 38/42 MP: 3/7
   395 | D        | Noticed a floating eye
   459 | D        | Paralysed by a floating eye for 3 turns
   464 | D        | Killed a floating eye
   464 | D        | Reached *** piety under Fedhas
   465 | D        | Reached XP level 5. HP: 51/51 MP: 8/11
   475 | D        | Noticed an ogre
   478 | D        | Reached XP level 6. HP: 60/60 MP: 9/12
   484 | D        | Reached **** piety under Fedhas
   705 | D        | Noticed a death yak
   725 | D        | Killed a death yak
   725 | D        | Reached ***** piety under Fedhas
   726 | D        | Reached XP level 7. HP: 35/70 MP: 13/16
   726 | D        | Reached XP level 8. HP: 40/78 MP: 13/17
  1018 | D        | Noticed a spriggan
  1018 | D        | Noticed a molten gargoyle
  1022 | D        | Killed a molten gargoyle
  1023 | D        | Reached skill level 10 in Axes
  1023 | D        | Killed a spriggan
  1024 | D        | Reached skill level 10 in Fighting
  1718 | D        | Noticed a freezing wraith
  1718 | D        | Noticed an alligator
  1719 | D        | Noticed a deep elf zephyrmancer
  1720 | D        | Noticed an ice devil
  1722 | D        | Reached XP level 9. HP: 86/86 MP: 7/19
  1723 | D        | Killed a freezing wraith
  1724 | D        | Reached skill level 10 in Armour
  1725 | D        | Killed an ice devil
  1726 | D        | Reached skill level 10 in Shields
  1726 | D        | Reached skill level 15 in Invocations
  1726 | D        | Killed a deep elf zephyrmancer
  1728 | D        | Killed an alligator
  1729 | D        | Reached XP level 10. HP: 97/97 MP: 2/22
  2061 | D        | Noticed a flayed ghost
  2061 | D        | Noticed a phantasmal warrior
  2071 | D        | Killed a phantasmal warrior
  2072 | D        | Killed a flayed ghost
  2435 | D        | Noticed a kobold demonologist
  2437 | D        | Killed a kobold demonologist
  2446 | D        | Noticed a molten gargoyle
  2447 | D        | Noticed an elephant
  2450 | D        | Killed a molten gargoyle
  2455 | D        | Killed an elephant
  2477 | D        | Reached ****** piety under Fedhas
  2508 | D        | Noticed Azrael
  2520 | D        | Reached XP level 11. HP: 43/107 MP: 24/24
  2563 | D        | Killed Azrael
  2701 | D        | Noticed a deep troll
  2701 | D        | Noticed a fire crab
  2718 | D        | Reached skill level 15 in Axes
  2718 | D        | Killed a fire crab
  2722 | D        | Killed a deep troll
  3136 | D        | Noticed a lindwurm
  3136 | D        | Noticed a deep troll
  3150 | D        | Killed a lindwurm
  3169 | D        | Killed a deep troll
  3596 | D        | Noticed a phantasmal warrior
  3619 | D        | Killed a phantasmal warrior
  3620 | D        | Reached skill level 15 in Fighting
  3620 | D        | Reached XP level 12. HP: 119/119 MP: 26/26
  3911 | D        | Noticed a spriggan berserker
  3926 | D        | Killed a spriggan berserker
  5381 | D        | Noticed a merfolk avatar
  5384 | D        | Killed a merfolk avatar
  5397 | D        | Noticed a deep elf knight
  5397 | D        | Noticed a naga warrior
  5397 | D        | Noticed a deep elf knight
  5398 | D        | Noticed an ophan
  5398 | D        | Killed a naga warrior
  5399 | D        | Noticed a merfolk avatar
  5400 | D        | Killed a deep elf knight
  5401 | D        | Killed a deep elf knight
  5406 | D        | Noticed a naga warrior
  5408 | D        | Noticed a deep elf knight
  5408 | D        | Noticed an orc warlord
  5408 | D        | Noticed an orc warlord
  5412 | D        | Killed an ophan
  5429 | D        | Killed a naga warrior
  5430 | D        | Reached skill level 15 in Armour
  5437 | D        | Noticed a naga warrior
  5438 | D        | Killed an orc warlord
  5439 | D        | Reached skill level 15 in Shields
  5440 | D        | Noticed a lich
  5444 | D        | Noticed a vault guard
  5451 | D        | Killed an orc warlord
  5504 | D        | Killed a deep elf knight
  5513 | D        | Killed a vault guard
  5514 | D        | Reached XP level 13. HP: 63/130 MP: 19/29
  6087 | D        | Killed a lich
  6770 | D        | Found the ring of the Tortoise {AC+8}
  6770 | D        | Noticed a yellow draconian
  6783 | D        | Killed a yellow draconian
  7070 | D        | Got the +5 scale mail "Zekeej" {rC+}
  7395 | D        | Noticed Kirke
  7402 | D        | Killed Kirke
  7417 | D        | Noticed a ghoul
  7420 | D        | Killed a ghoul
  7424 | D        | Noticed a ghoul
  7427 | D        | Killed a ghoul
  7434 | D        | Identified the ring of Salvation {Fire rElec rCorr Dex+3}
  7443 | D        | Noticed an eidolon
  7445 | D        | Killed an eidolon
  7460 | D        | Noticed an ice dragon
  7463 | D        | Killed an ice dragon
  7475 | D        | Identified the +2 battleaxe of Purpose {flame, rF+ SInv}
  7477 | D        | Identified the ring of Midwinter {Fly rN+}
  7715 | D        | Noticed a deep elf blademaster
  7731 | D        | Killed a deep elf blademaster
  7732 | D        | Reached XP level 14. HP: 126/144 MP: 27/31
  7771 | D        | Reached skill level 27 in Invocations
  7780 | D        | Noticed a deep elf annihilator
  7783 | D        | Killed a deep elf annihilator
  8253 | D        | Noticed an angel
  8257 | D        | Killed an angel
  8262 | D        | Noticed a pearl dragon
  8269 | D        | Killed a pearl dragon
  8273 | D        | Noticed an ancient lich
  8305 | D        | Killed an ancient lich
  8492 | D        | Noticed a frost giant
  8492 | D        | Noticed a fire giant
  8515 | D        | Killed a frost giant
  8516 | D        | Killed a fire giant
  8912 | D        | Reached XP level 15. HP: 157/160 MP: 22/32
  8966 | D        | Noticed a ghost moth
  8967 | D        | Noticed a sphinx
  8968 | D        | Noticed a ghost moth
  8971 | D        | Noticed a red draconian scorcher
  8976 | D        | Killed a red draconian scorcher
  8977 | D        | Killed a ghost moth
  8978 | D        | Killed a ghost moth
  8991 | D        | Killed a sphinx
  9361 | D        | Noticed a titan
  9412 | D        | Killed a titan
  9445 | D        | Reached XP level 16. HP: 153/177 MP: 14/33
  9626 | D        | Got a silver rune of Zot
  9892 | D        | Noticed a shadow dragon
  9895 | D        | Killed a shadow dragon
  9896 | D        | Reached skill level 27 in Axes
  9905 | D        | Noticed a sphinx
  9906 | D        | Killed a sphinx
  9927 | D        | Noticed Margery
  9931 | D        | Killed Margery
  9936 | D        | Noticed a nagaraja
  9939 | D        | Noticed a bone dragon
  9939 | D        | Killed a nagaraja
  9944 | D        | Killed a bone dragon
  9945 | D        | Reached skill level 27 in Fighting
  9949 | D        | Noticed a nagaraja
  9951 | D        | Killed a nagaraja
 10025 | D        | Got the Verses on Bruises
 10027 | D        | Got the Elucidation of Windy Battling
 10034 | D        | Got the Teachings on the Tempest
 10093 | D        | Got the amulet "Kaes" {Reflect Will+ Slay+2 SH+5}
 10095 | D        | Got the ring "Ripucw" {MP+9 Int+5}
 10098 | D        | Got the ring of Skepticism {rCorr MP-9 Int+3 Slay+6 SInv}
 10100 | D        | Got the amulet "Wounan" {rPois Regen+ Dex+4}
 10207 | D        | Paralysed by a floating eye for 3 turns
 10214 | D        | Paralysed by a floating eye for 2 turns
 10421 | D        | Noticed a Brimstone Fiend
 10421 | D        | Noticed an orb of fire
 10421 | D        | Noticed a shadow dragon
 10425 | D        | Killed an orb of fire
 10427 | D        | Killed a shadow dragon
 10427 | D        | Killed a Brimstone Fiend
 10435 | D        | Noticed Nikola
 10435 | D        | Noticed an ancient lich
 10436 | D        | Noticed an ancient lich
 10445 | D        | Killed an ancient lich
 10445 | D        | Killed Nikola
 10446 | D        | Reached skill level 27 in Armour
 10449 | D        | Killed an ancient lich
 10450 | D        | Reached skill level 27 in Shields
 10450 | D        | Noticed a green draconian monk
 10458 | D        | Reached skill level 5 in Dodging
 10458 | D        | Reached XP level 17. HP: 109/191 MP: 8/34
 10480 | D        | Reached skill level 10 in Dodging
 10751 | D        | Noticed a bone dragon
 10761 | D        | Killed a bone dragon
 10766 | D        | Noticed a Hell Sentinel
 10777 | D        | Killed a Hell Sentinel
 10806 | D        | Noticed a deep elf master archer
 10811 | D        | Killed a deep elf master archer
 10878 | D        | Reached skill level 15 in Dodging
 10889 | D        | Noticed a profane servitor
 10891 | D        | Killed a profane servitor
 11390 | D        | Got the +3 tower shield "Ynulyod" {rElec rN+++ Will+}
 11559 | D        | Noticed a Killer Klown
 11559 | D        | Noticed an orb of fire
 11559 | D        | Noticed a Hell Sentinel
 11559 | D        | Noticed an Orb Guardian
 11559 | D        | Noticed an orb of fire
 11559 | D        | Noticed an Orb Guardian
 11559 | D        | Noticed an Orb Guardian
 11560 | D        | Noticed an electric golem
 11560 | D        | Noticed an Orb Guardian
 11560 | D        | Noticed an Orb Guardian
 11560 | D        | Noticed Laniobra the pandemonium lord
 11562 | D        | Noticed an Orb Guardian
 11562 | D        | Noticed a deep elf master archer
 11562 | D        | Noticed an Orb Guardian
 11564 | D        | Killed an Orb Guardian
 11566 | D        | Killed an orb of fire
 11572 | D        | Noticed an Orb Guardian
 11584 | D        | Noticed an Orb Guardian
 11586 | D        | Killed an orb of fire
 11589 | D        | Killed an Orb Guardian
 11589 | D        | Killed an Orb Guardian
 11589 | D        | Killed an Orb Guardian
 11600 | D        | Killed an Orb Guardian
 11605 | D        | Noticed a Tzitzimitl
 11609 | D        | Killed an Orb Guardian
 11609 | D        | Killed an Orb Guardian
 11609 | D        | Killed a Killer Klown
 11611 | D        | Noticed an ancient lich
 11611 | D        | Killed Laniobra the pandemonium lord
 11612 | D        | Killed an Orb Guardian
 11618 | D        | Killed an ancient lich
 11619 | D        | Killed a Tzitzimitl
 11621 | D        | Killed a Hell Sentinel
 11623 | D        | Killed an electric golem
 11624 | D        | Reached XP level 18. HP: 62/200 MP: 5/35
 11624 | D        | Killed a deep elf master archer
 11627 | D        | Noticed an Orb Guardian
 11635 | D        | Killed an Orb Guardian
 11635 | D        | Noticed an Orb Guardian
 11636 | D        | Noticed a Brimstone Fiend
 11637 | D        | Noticed a titan
 11638 | D        | Noticed an Orb Guardian
 11639 | D        | Noticed an Orb Guardian
 11640 | D        | Killed an Orb Guardian
 11643 | D        | Killed an Orb Guardian
 11653 | D        | Noticed a titan
 11656 | D        | Killed an Orb Guardian
 11659 | D        | Killed an Orb Guardian
 11659 | D        | Killed a titan
 11659 | D        | Noticed a Brimstone Fiend
 11664 | D        | Killed a Brimstone Fiend
 11668 | D        | Killed a titan
 11671 | D        | Killed a Brimstone Fiend
 12198 | D        | Noticed an Orb Guardian
 12198 | D        | Noticed an Orb Guardian
 12199 | D        | Noticed an Orb Guardian
 12205 | D        | Killed an Orb Guardian
 12207 | D        | Killed an Orb Guardian
 12209 | D        | Killed an Orb Guardian
 12213 | D        | Noticed Mnoleg
 12214 | D        | Noticed a titan
 12214 | D        | Noticed a deep elf blademaster
 12215 | D        | Noticed Geryon
 12215 | D        | Noticed Mennas
 12215 | D        | Noticed an electric golem
 12216 | D        | Noticed an Orb Guardian
 12221 | D        | Noticed a royal mummy
 12223 | D        | Paralysed by a floating eye for 4 turns
 12230 | D        | Paralysed by a floating eye for 3 turns
 12232 | D        | HP: 10/200 [Mennas/+4 eudemon blade of holy wrath (41)]
 12232 | D        | Demolished by Mennas

Illustrated notes

Levels and vault maps discovered:
D:        pitsprint [storerooms_1, entrance_room_1, metal_vault_4, armoury_1,
          mini_pit_1, grid_room_1, main_hall_1, silver_pit, the_coven_3,
          the_vestibule_1, steel_vault_1, golden_pit, hallway_of_sentries,
          crystal_vault_4, iron_vault_2, final_vault]

Skill      XL: |  1  2  3  4  5  6  7  8  9 10 11 12 13 14 15 16 17 18 |
---------------+-------------------------------------------------------+-----
Fighting       | 4 5 6 7 9 10 11 13 15 16 18 21 24 27 | 27.0
Axes           | 3 5 6 7 9 10 12 14 15 17 19 23 26 27 | 27.0
Armour         | 4 5 6 8 9 11 12 13 15 17 20 23 27 | 27.0
Shields        | 4 5 6 8 9 10 12 13 15 17 20 22 27 | 27.0
Invocations    | 5 8 12 14 16 19 21 24 26 27 | 27.0
Dodging        | 5 22 25 | 25.6

Action                     |  1- 3 |  4- 6 |  7- 9 | 10-12 | 13-15 | 16-18 || total
---------------------------+-------+-------+-------+-------+-------+-------++-------
  Melee: War axe           |    25 |    52 |    14 |       |       |       ||    91
         Broad axe         |       |       |       |    19 |    90 |    90 ||   199
 Invoke: Wall of Briars    |       |     1 |     2 |    14 |    19 |    19 ||    55
         Overgrow          |       |       |     2 |     9 |    10 |     7 ||    28
         Grow Oklob        |       |       |     2 |    10 |    11 |    12 ||    35
         Grow Ballistomyce |       |       |       |     1 |       |     3 ||     4
    Use: Potion            |     1 |     4 |       |     2 |    11 |     9 ||    27
         Scroll            |       |       |       |    10 |     7 |     2 ||    19
   Stab: Distracted        |       |       |       |       |     2 |       ||     2
         Invisible         |       |       |       |       |     5 |       ||     5
 Armour: Scale mail        |    13 |       |       |       |       |       ||    13
         Plate armour      |       |    23 |    12 |    15 |       |       ||    50
         Gold dragon scale |       |       |       |     1 |    54 |    92 ||   147
  Dodge: Dodged            |     7 |     7 |       |    12 |    29 |    35 ||    90
  Block: Buckler           |     5 |    11 |       |    14 |       |       ||    30
         Tower shield      |       |       |       |     6 |   119 |   169 ||   294
         Reflection        |       |       |       |       |       |    12 ||    12

Table legend: (Time is in decaauts) A = Elapsed time spent in this place. B = Non-inter-level travel time spent in this place. C = Inter-level travel time spent in this place. D = Time resting spent in this place. E = Time spent auto-exploring this place. F = Levels seen in this place. G = Mean time per level. A B C D E F G +--------+--------+--------+--------+--------+-----+--------+ Total | 12334 | 12224 | 110 | 7988 | 0 | 1 | 12334.0 | Dungeon | 12334 | 12224 | 110 | 7988 | 0 | 1 | 12334.0 | +--------+--------+--------+--------+--------+-----+--------+

Top non-repeatable levels by time:
       D: 12334 daAuts
